 Dungeon Crawl Stone Soup version 0.17.0-57-g0e89251 (webtiles) character file.

2802 PossumBlood the Carver (level 10, 0/79 HPs)
             Began as a Formicid Fighter on Dec 8, 2015.
             Succumbed to Erolcha's bolt of poison
             ... on level 8 of the Dungeon.
             The game lasted 00:26:58 (7381 turns).

PossumBlood the Carver (Formicid Fighter)           Turns: 7381, Time: 00:26:59

Health: 0/79       AC: 21    Str: 28    XL:     10   Next: 2%
Magic:  10/10      EV:  8    Int:  7    God:
Gold:   457        SH: 11    Dex: 10    Spells: 0 memorised, 9 levels left

rFire  + . .     SeeInvis +     a - +0 long sword
rCold  + . .     Clarity  .     k - +3 shadow dragon armour
rNeg   . . .     SustAt   .     c - +0 shield
rPois  +         Gourm    .     (helmet unavailable)
rElec  +         Spirit   .     n - +2 cloak
rCorr  +         Warding  .     r - +1 pair of gloves
rMut   .         Stasis   +     (no boots)
MR     +....                    (no amulet)
Stlth  ++........               (no ring)
                                (no ring)

@: mighty, lethally poisoned (0 -> -8), resistant, somewhat resistant to hostile
enchantments, unstealthy
A: permanent stasis, dig shafts and tunnels, four strong arms, antennae 3, dopey
1, sense surroundings 1, spit poison 1
a: Dig, Shaft Self, Spit Poison


You were on level 8 of the Dungeon.
You were not hungry.

You visited 2 branches of the dungeon, and saw 9 of its levels.

You collected 457 gold pieces.

Inventory:

Hand Weapons
 a - a +0 long sword (weapon)
 h - the +5 lajatang of Erott {distort, rPois Stlth+}
   (You found it on level 4 of the Dungeon)

   It warps and distorts space around it.
   Unwielding it can cause banishment or high damage.
   It protects you from poison.
   It makes you more stealthy.
Armour
 c - a +0 shield (worn)
 k - a +3 shadow dragon armour (worn)
 n - a +2 cloak (worn)
 r - a +1 pair of gloves (worn)
Wands
 b - a wand of disintegration (14)
 j - a wand of cold (10)
 l - a wand of fireball (9)
 p - a wand of cold (13)
 u - a wand of teleportation (7)
 v - a wand of flame (27)
 x - a wand of polymorph (8)
 y - a wand of lightning (3)
 z - a wand of slowing (29)
Scrolls
 f - a scroll of magic mapping
 m - 8 scrolls of remove curse
 t - 3 scrolls of identify
 w - a scroll of fog
Potions
 d - 2 potions of might
 i - a potion of cancellation
 o - a potion of mutation
 q - 3 potions of agility
Comestibles
 e - a bread ration
 g - 2 meat rations


   Skills:
 + Level 7.1 Fighting
 * Level 8.5 Long Blades
 + Level 7.1 Armour
 + Level 7.9 Shields


You had 9 spell levels left.
You didn't know any spells.

Dungeon Overview and Level Annotations

Branches:
Dungeon (8/15)             Temple (1/1) D:5
   Lair: D:8-11

Altars:
Dithmenos
Elyvilon
Fedhas
Gozag
Kikubaaqudgha
Nemelex Xobeh
Okawaru
Qazlal
Ru
Sif Muna
Trog
Vehumet
Xom
Yredelemnul
Zin
The Shining One

Annotations:
D:8 Erolcha


Innate Abilities, Weirdness & Mutations

You are under a permanent stasis effect.
You can dig through walls and to a lower floor.
Your four strong arms can wield two-handed weapons with a shield.
You have a pair of large antennae on your head (SInv).
You are dopey. (Int -2)
You passively map a small area around you.
You can spit weak poison.


Message History

Okay, then.
You slice Erolcha!!
Erolcha is severely wounded.
You feel sick. You block the gnoll's attack.
Erolcha gestures at you while chanting. The bolt of poison hits you!
You are more poisoned.
* * * LOW HITPOINT WARNING * * *
Drink which item? (? for menu, Esc to quit)
It was a potion of mutation.
You feel extremely strange.
You feel a strange attunement to the structure of the dungeons.
There is a nasty taste in your mouth for a moment.
You feel stupid.
You feel sick. You block the gnoll's attack.
Erolcha hits you with an enchanted giant spiked club!
* * * LOW HITPOINT WARNING * * *
Drink which item? (? for menu, Esc to quit)
It was a potion of resistance.
You feel protected.
You die...

..... .#...........#
.......# #.#.#####.###.#
.......####.#.# #.# #.#
...,#.........# #.# #.#
....#.........# #.# #.#
....#.........#####.# #.#
....................# #.#
#####........##########.##
.............ggO@........#
.####........#############
......######## ......#
......###### ...........#
...........# .##........#
...........#


You could see Erolcha and 2 gnolls.

Vanquished Creatures
  Sigmund (D:4)
  Menkaure (D:4)
  An ice beast (D:7)
  2 phantoms
  An orc warrior (D:7)
  A sky beast (D:6)
  5 ogres
  3 centaurs
  A big kobold (D:7)
  4 giant frogs
  2 scorpions (D:5)
  2 crimson imps
  A quasit (D:6)
  3 hounds
  4 orc priests
  A jelly (D:6)
  2 centaur skeletons (D:5)
  Crazy Yiuf (D:6)
  2 iguanas
  4 orc wizards
  Jessica (D:2)
  Natasha (thrice) (D:2)
  2 worker ants
  A killer bee zombie (D:7)
  A worker ant zombie (D:8)
  7 adders
  8 gnolls
  3 oozes
  An adder zombie (D:6)
  7 worms
  2 adder skeletons
  18 orcs
  3 ball pythons
  3 giant cockroaches
  8 hobgoblins
  4 jackals (D:4)
  2 quokkas
  7 bats
  2 giant geckos (D:1)
  4 giant newts
  7 goblins
  9 kobolds
  4 rats
149 creatures vanquished.

Notes
Turn   | Place    | Note
--------------------------------------------------------------
     0 | D:1      | PossumBlood the Formicid Fighter began the quest for the Orb.
     0 | D:1      | Reached XP level 1. HP: 18/18 MP: 1/1
   391 | D:1      | Reached XP level 2. HP: 18/24 MP: 2/2
   688 | D:1      | Reached XP level 3. HP: 24/29 MP: 3/3
   964 | D:2      | Noticed Jessica
   977 | D:2      | Killed Jessica
   977 | D:2      | Reached skill level 4 in Shields
   977 | D:2      | Reached XP level 4. HP: 29/37 MP: 4/4
  1029 | D:2      | Noticed Natasha
  1059 | D:2      | Killed Natasha
  1173 | D:2      | Reached XP level 5. HP: 42/42 MP: 5/5
  1177 | D:2      | Noticed Natasha
  1186 | D:2      | Killed Natasha
  1407 | D:2      | Noticed Natasha
  1706 | D:2      | Killed Natasha
  1939 | D:3      | Reached XP level 6. HP: 48/48 MP: 6/6
  2223 | D:3      | Reached skill level 5 in Shields
  2859 | D:4      | Got a bone lajatang
  2860 | D:4      | Identified the +5 lajatang of Erott {distort, rPois Stlth+} (You found it on level 4 of the Dungeon)
  2986 | D:4      | Noticed Sigmund
  3000 | D:4      | Killed Sigmund
  3000 | D:4      | Reached XP level 7. HP: 39/55 MP: 7/7
  3028 | D:4      | Reached skill level 5 in Fighting
  3028 | D:4      | Reached skill level 5 in Long Blades
  3028 | D:4      | Reached skill level 5 in Armour
  3215 | D:4      | Noticed Menkaure
  3221 | D:4      | Killed Menkaure
  3221 | D:4      | Reached XP level 8. HP: 58/62 MP: 8/8
  3508 | D:4      | Reached skill level 6 in Shields
  3940 | D:5      | Entered Level 5 of the Dungeon
  4008 | D:5      | Found a staircase to the Ecumenical Temple.
  4041 | Temple   | Entered the Ecumenical Temple
  4772 | D:5      | Found a deep blue altar of Sif Muna.
  4772 | D:5      | Found a stormy altar of Qazlal.
  5291 | D:5      | Reached XP level 9. HP: 69/69 MP: 9/9
  5562 | D:6      | Reached skill level 7 in Long Blades
  6229 | D:6      | Noticed Crazy Yiuf
  6245 | D:6      | Killed Crazy Yiuf
  6478 | D:7      | Reached skill level 8 in Long Blades
  7171 | D:7      | Found a radiant altar of Vehumet.
  7173 | D:7      | Found a blossoming altar of Fedhas.
  7310 | D:8      | Noticed Erolcha
  7362 | D:8      | Reached XP level 10. HP: 51/79 MP: 10/10
  7380 | D:8      | Gained mutation: You passively map a small area around you. [potion of mutation]
  7380 | D:8      | Gained mutation: You can spit weak poison. [potion of mutation]
  7380 | D:8      | Gained mutation: You are dopey. (Int -2) [potion of mutation]
  7380 | D:8      | HP: 1/79 [Erolcha/enchanted giant spiked club (10)]
  7381 | D:8      | Succumbed to Erolcha's bolt of poison

Action                   |  1- 3 |  4- 6 |  7- 9 | 10-12 || total
-------------------------+-------+-------+-------+-------++-------
Melee: Long sword        |   100 |   271 |   449 |    12 ||   832
  Use: Scroll            |     4 |     8 |     2 |       ||    14
       Potion            |       |     9 |     6 |     2 ||    17
 Stab: Sleeping          |       |     5 |     6 |       ||    11
       Distracted        |       |       |     2 |       ||     2
  Eat: Bread ration      |       |     1 |     3 |       ||     4
       Beef jerky        |       |     2 |     1 |       ||     3
